Unix NetHack Version 5.0.0-0 post-release - last build May 31 2026 23:59:36 (970b52f25bf058293b47ddfd14a1e40e571c508c,branch:main).

Game began 2026-06-09 05:54:08, ended 2026-06-09 06:00:11.

Brudee, chaotic female human Rogue

                          -------
                          |....<+
                         #-(+...|
                       ###||....|
                       #  |......
                       #  -------
                       #
                       #
                       #       #####0
             #         #       #
            #####r@r############
           0#          #
            #----------#
            #|........|#
            #|........|#
            #|......%.|#
            #.........-#
             ----------

Brudee the Cutpurse     St:10 Dx:17 Co:11 In:15 Wi:12 Ch:10  Chaotic S:374
Dlvl:4  $:22 HP:0(27) Pw:11(11) AC:6  Xp:3/48 T:555 

Latest messages:
 What do you want to fire? [$hlq or ?*] q
 You ready: q - 17 darts.
 In what direction? h
 The dart misses the wererat.
 The sewer rat bites!
 The wererat misses!
 In what direction? h
 The dart misses the wererat.
 The sewer rat bites!
 The wererat bites!
 What do you want to throw? [$hlq or ?*] l
 In what direction? h
 The orcish dagger misses the wererat.
 The sewer rat misses!
 The wererat bites!
 What do you want to throw? [$hq or ?*] ?
 In what direction? h
 The throwing star misses the wererat.
 The sewer rat bites!
 The wererat just misses!
 What do you want to drink? [djkrtuw or ?*] ?
 You feel better.
 The sewer rat bites!
 The wererat bites!
 What do you want to throw? [$hq or ?*] ?
 What do you want to throw? [$hq or ?*] <space>
 Never mind.
 You hit the wererat.
 The sewer rat bites!
 The wererat summons help!
 You feel hemmed in.
 The wererat bites!
 You miss the wererat.
 The sewer rat bites!
 The wererat bites!
 You miss the wererat.
 The sewer rat bites!
 The wererat misses!
 You miss the wererat.
 The sewer rat bites!
 The wererat bites!
 You hit the wererat.
 The sewer rat bites!
 The wererat bites!
 You miss the wererat.
 The sewer rat bites!
 The wererat bites!
 You die...
 Do you want your possessions identified? [ynq] (y) y
 Do you want to see your attributes? [ynq] (y) q

Inventory:
 Coins    ('$')
  $ - 22 gold pieces
 Weapons  (')')
  q - 15 +0 darts (at the ready)
  h - 6 +0 shuriken
  a - a +0 short sword (weapon in right hand)
 Armor    ('[')
  m - an uncursed +0 orcish helm (being worn)
  c - a blessed +1 leather armor (being worn)
 Comestibles  ('%')
  o - an uncursed lichen corpse
 Potions  ('!')
  j - a blessed potion of enlightenment
  k - an uncursed potion of extra healing
  r - an uncursed potion of oil
  d - an uncursed potion of sickness
  u - an uncursed potion of sickness
  t - an uncursed potion of water
 Tools    ('(')
  f - an empty uncursed sack
  g - an uncursed blindfold
  e - an uncursed lock pick

Brudee the Rogue's attributes:

Background:
 You were a Cutpurse, a level 3 female human Rogue.
 You were chaotic, on a mission for Kos
 who was opposed by Issek (lawful) and Mog (neutral).
 You were right-handed.
 You were in the Dungeons of Doom, on level 4.
 You entered the dungeon 555 turns ago.
 You had 48 experience points, 32 more were needed to attain level 4.
 Your score was 374 before end-of-game adjustments.

Basics:
 You had 0 out of 27 hit points.
 You had all 11 energy points (spell power).
 Your armor class was 6.
 Your wallet contained 22 zorkmids.
 Autopickup was on for '$!=+?/"' plus thrown.

Final Characteristics:
 Your strength was 10 (limit:18/100).
 Your dexterity was 17 (limit:18).
 Your constitution was 11 (limit:18).
 Your intelligence was 15 (limit:18).
 Your wisdom was 12 (limit:18).
 Your charisma was 10 (limit:18).

Final Status:
 You weren't hungry.
 You were unencumbered.
 You were wielding a short sword.
 You had basic skill with short sword.

Final Attributes:
 You were fervently aligned.
 You were level-drain resistant.
 You were stealthy.
 You were warded.
 You were a wererat.
 You were harmed by silver.
 You are dead.

Miscellaneous:
 You didn't encounter any bones levels.
 Total elapsed playing time was 6 minutes.

Major events:
 Turn
    1: Brudee the chaotic female human Rogue entered the dungeon
  468: attained the rank of Cutpurse (level 3)
  555: killed by a wererat

Spells:
 Name                 Level Category     Fail Retention
 create monster         2   clerical     100%  76%-100%
 light                  1   divination    58%  76%-100%

Skills:
 Fighting Skills
   bare handed combat [Unskilled]
   two weapon combat  [Unskilled]
   riding             [Unskilled]
 Weapon Skills
   dagger             [Basic]
   knife              [Unskilled]
   short sword        [Basic]
   broadsword         [Unskilled]
   long sword         [Unskilled]
   two-handed sword   [Unskilled]
   saber              [Unskilled]
   club               [Unskilled]
   mace               [Unskilled]
   morning star       [Unskilled]
   flail              [Unskilled]
   hammer             [Unskilled]
   polearms           [Unskilled]
   spear              [Unskilled]
   crossbow           [Unskilled]
   dart               [Unskilled]
   shuriken           [Unskilled]
 Spellcasting Skills
   divination spells  [Unskilled]
   escape spells      [Unskilled]
   matter spells      [Unskilled]

Voluntary challenges:
 Character rerolling was not enabled.
 You never genocided any monsters.
 You never polymorphed an object.
 You never changed form.
 You used no wishes.
Achievements:
 You entered a shop.
 You attained the rank of Cutpurse.

 The Dungeons of Doom: levels 1 to 4
    Level 1:
    Level 2:
       A sink.
    Level 3:
       A potion shop, a fountain.
    Level 4: <- You were here.
       A grave.
       Final resting place for
          you, killed by a wererat.


Vanquished creatures:
  a shrieker
  2 dwarf zombies
  a large kobold
  2 giant rats
  a gnome
  a gecko
  a goblin
  a sewer rat
  2 grid bugs
  a lichen
13 creatures vanquished.

No species were genocided or became extinct.

Game over:
                       ----------
                      /          \
                     /    REST    \
                    /      IN      \
                   /     PEACE      \
                  /                  \
                  |      Brudee      |
                  |      22 Au       |
                  |   killed by a    |
                  |     wererat      |
                  |                  |
                  |                  |
                  |       2026       |
                 *|     *  *  *      | *
        _________)/\\_//(\/(/\)/\//\/|_)_______

Goodbye Brudee the Rogue...

You died in The Dungeons of Doom on dungeon level 4 with 372 points,
and 22 pieces of gold, after 555 moves.
You were level 3 with a maximum of 27 hit points when you died.

